 Dungeon Crawl Stone Soup version 0.30-a0-1066-g63dfefce0d (webtiles) character file.

Game seed: 13485610689243542858

1416 qeuew the Shield-Bearer (level 9, -8/68 HPs)
             Began as a Formicid Fighter on Apr 12, 2023.
             Was a Follower of Nemelex Xobeh.
             Mangled by Prince Ribbit (16 damage)
             ... on level 6 of the Dungeon.
             The game lasted 00:08:13 (6600 turns).

qeuew the Shield-Bearer (Formicid Fighter)          Turns: 6600, Time: 00:08:14

Health: -8/68      AC:  7    Str: 23    XL:     9   Next: 2%
Magic:  12/12      EV: 11    Int:  8    God:    Nemelex Xobeh [*.....]
Gold:   320        SH:  6    Dex: 15    Spells: 8/8 levels left

rFire   . . .      SeeInvis +    a - +1 flail (venom)
rCold   + . .      Faith    .    c - +0 buckler
rNeg    . . .      Spirit   .    b - +0 scale mail
rPois   .          Reflect  .    (helmet unavailable)
rElec   .          Rampage  .    (no cloak)
rCorr   .                        (no gloves)
Will    +....                    (no boots) Stlth
                                 (no amulet)
HPRegen 0.31/turn                n - ring of willpower
MPRegen 0.13/turn                o - ring of protection from cold

@: no status effects
A: permanent stasis, dig shafts and tunnels, antennae 3, four strong arms
a: Dig, Shaft Self, Renounce Religion, Draw Escape, Draw Destruction, Draw
Summoning


You were on level 6 of the Dungeon.
You worshipped Nemelex Xobeh.
Nemelex Xobeh was aware of your devotion.
You visited 2 branches of the dungeon, and saw 7 of its levels.
You also visited: Sewer.

You collected 320 gold pieces.

Inventory:

Hand Weapons
 a - a +1 flail of venom (weapon)
Armour
 b - a +0 scale mail (worn)
 c - a +0 buckler (worn)
Jewellery
 n - a ring of willpower (left hand)
 o - a ring of protection from cold (right hand)
Scrolls
 l - 2 scrolls of enchant weapon
 m - a scroll of silence
Potions
 d - a potion of might
 e - 2 potions of invisibility
 f - a potion of curing
 k - 8 potions of flight


   Skills:
 + Level 5.3 Fighting
 * Level 6.0 Maces & Flails
 + Level 5.3 Armour
 + Level 3.4 Dodging
 + Level 6.5 Shields
 * Level 4.1 Invocations


You had 8 spell levels left.
You didn't know any spells.
Your spell library contained the following spells:

 Spells                   Type           Power      Damage    Failure   Level
 Apportation              Tloc           0%         N/A       77%         1
 Freeze                   Ice            0%         1d3       77%         1
 Necrotise                Necr           0%         1d4       77%         1
 Summon Small Mammal      Summ           0%         N/A       77%         1
 Poisonous Vapours        Pois/Air       0%         N/A       88%         2
 Dazzling Flash           Conj/Hex       0%         N/A       98%         3
 Frozen Ramparts          Ice            0%         1d1       98%         3
 Hailstorm                Conj/Ice       0%         3d3       98%         3
 Mephitic Cloud           Conj/Pois/Air  0%         N/A       98%         3
 Agony                    Necr           0%         N/A       100%        5
 Blade Hands              Tmut           0%         N/A       100%        5
 Freezing Cloud           Conj/Ice/Air   0%         6-21      100%        5
 Irradiate                Conj/Tmut      0%         3d11      100%        5
 Silence                  Hex/Air        0%         N/A       100%        5
 Dragon Form              Tmut           0%         N/A       100%        7


Dungeon Overview and Level Annotations

Branches:
Dungeon (6/15)             Temple (1/1) D:4           Sewer (visited)

Altars:
Ashenzari
Cheibriados
Dithmenos
Elyvilon
Fedhas
Gozag
Hepliaklqana
Kikubaaqudgha
Makhleb
Nemelex Xobeh
Qazlal
Ru
Sif Muna
Trog
Uskayaw
Vehumet
Yredelemnul
Zin
The Shining One

Shops:
D:3 *

Annotations:
D:6 Prince Ribbit


Innate Abilities, Weirdness & Mutations

You cannot be hasted, slowed, berserked, paralysed or teleported.
You can dig through walls and to a lower floor.
You have a pair of large antennae on your head. (SInv)
Your four strong arms can wield two-handed weapons with a shield.


Message History

The gnoll is lightly wounded.
You block the gnoll's attack.
You barely miss the gnoll.
The gnoll is lightly wounded.
The gnoll is no longer moving quickly.
The gnoll barely misses you. The gnoll hits you but does no damage.
You hit the gnoll but do no damage.
The gnoll is poisoned.
The gnoll is lightly wounded.
Prince Ribbit catches a mosquito with his tongue.
The gnoll hits you with a +0 whip.
* * * LOW HITPOINT WARNING * * *
You hit the gnoll.
The gnoll looks as sick as possible!
The gnoll is heavily wounded.
The gnoll hits you with a +0 whip.
* * * LOW HITPOINT WARNING * * *
You hit the gnoll.
The gnoll looks as sick as possible!
The gnoll is severely wounded.
You kill the gnoll!
You completely miss the gnoll. The gnoll hits you but does no damage.
You closely miss the gnoll. The gnoll hits you but does no damage.
You hit the gnoll.
The gnoll is moderately wounded.
Prince Ribbit catches a millipede with his tongue.
Prince Ribbit blinks!
The gnoll barely misses you. The gnoll hits you with a +0 club.
* * * LOW HITPOINT WARNING * * *
You barely miss the gnoll.
The gnoll is moderately wounded.
The gnoll hits you with a +0 club.
* * * LOW HITPOINT WARNING * * *
You hit the gnoll.
The gnoll is moderately wounded.
You block the gnoll's attack.
You sock the gnoll!
The gnoll is poisoned.
The gnoll is almost dead.
You kill the gnoll!
Prince Ribbit lets out a mournful croak.
You draw a card...
You have drawn the Rangers.
Prince Ribbit hits you!
You die...
Your body disappears without a glow.

..####≈≈....#
...........#
####.........#
.............#
.............#
......F..)...#
.....#'#c####
'#'# #.#F# #
#.#@# #.#N#
#.#c# #
#.#.########
.#...........
#.#.#.#######.
#...#.#
######.#.#.#
#....#.#.#.#


You could see Prince Ribbit (ally target), a friendly naga sharpshooter
(summoned) and 2 friendly centaur warriors.

Vanquished Creatures
  A water moccasin (D:6)
  4 black bears
  An ogre (D:5)
  A phantom (D:5)
  2 scorpions (D:5)
  A gnoll bouda (D:6)
  3 hounds
  2 orc priests (D:5)
  2 iguanas (D:4)
  2 orc wizards
  5 gnolls
  15 adders
  6 river rats (Sewer)
  A white imp (D:6)
  2 ufetubi
  2 worms
  2 dart slugs (D:2)
  9 orcs
  9 endoplasms
  12 giant cockroaches
  6 hobgoblins
  11 jackals
  7 kobolds
  2 quokkas
  12 ball pythons
  12 bats
  4 frilled lizards
  9 goblins
  6 rats
151 creatures vanquished.

Notes
Turn   | Place    | Note
-------+----------+-------------------------------------------
     0 | D:1      | qeuew the Formicid Fighter began the quest for the Orb.
     0 | D:1      | Reached XP level 1. HP: 18/18 MP: 1/1
    99 | D:1      | Reached XP level 2. HP: 22/24 MP: 2/2
   317 | D:1      | Reached XP level 3. HP: 29/29 MP: 3/3
  1102 | D:2      | Reached skill level 1 in Dodging
  1183 | D:2      | Reached XP level 4. HP: 36/36 MP: 4/4
  2054 | D:3      | Reached XP level 5. HP: 21/42 MP: 5/5
  2428 | D:3      | Found a glowing drain.
  2440 | Sewer    | Entered a sewer
  2881 | Sewer    | Reached XP level 6. HP: 42/48 MP: 6/6
  2895 | Sewer    | Reached skill level 5 in Shields
  3656 | D:3      | Found Zin's Purification Station.
  3658 | D:3      | Found a glowing silver altar of Zin.
  4037 | D:4      | Noticed a black bear
  4045 | D:4      | Killed a black bear
  4046 | D:4      | Reached XP level 7. HP: 42/55 MP: 7/7
  4386 | D:4      | Found a burning altar of Makhleb.
  4386 | D:4      | Found a hazy altar of Hepliaklqana.
  4707 | D:4      | Found a staircase to the Ecumenical Temple.
  4762 | Temple   | Entered the Ecumenical Temple
  4978 | Temple   | Became a worshipper of Nemelex Xobeh the Trickster
  5036 | D:5      | Entered Level 5 of the Dungeon
  5048 | D:5      | Found a shadowy altar of Dithmenos.
  5091 | D:5      | Reached skill level 1 in Invocations
  5418 | D:5      | Reached skill level 5 in Maces & Flails
  5418 | D:5      | Reached XP level 8. HP: 38/61 MP: 7/9
  5658 | D:5      | Reached skill level 5 in Fighting
  5658 | D:5      | Reached skill level 5 in Armour
  5866 | D:5      | Reached * piety under Nemelex Xobeh
  5990 | D:5      | Received a gift from Nemelex Xobeh
  6559 | D:6      | Noticed Prince Ribbit
  6578 | D:6      | Reached XP level 9. HP: 26/68 MP: 12/12
  6600 | D:6      | Mangled by Prince Ribbit

Illustrated notes

Levels and vault maps discovered:
D:1:      mrwooster_arrival_statue, layout_basic
D:2:      cheibrodos_helix_gallery, layout_loops_corners
D:3:      layout_loops_ring, zin_purify, portal_sewer_entry_b,
          minmay_tree_intersection, kennysheep_generic_room_11
D:4:      layout_loops_ring, gammafunk_temple_overflow_elements,
          minmay_temple_entry_poolview
D:5:      layout_gridville, nicolae_dithmenos_shadow_blocks, minivault_27
D:6:      layout_basic, serial_bayou_pond_c, kb_lookout_dungeons_type,
          uniq_prince_ribbit1
Temple:   nicolae_temple_bog_church

Skill      XL: |  1  2  3  4  5  6  7  8 |
---------------+-------------------------+-----
Dodging        | 1 2 3 |  3.4
Maces & Flails | 3 4 5 6 |  6.0
Fighting       | 4 5 |  5.3
Armour         | 4 5 |  5.3
Shields        | 5 6 |  6.5
Invocations    | 1 4 |  4.1

Action                     |  1- 3 |  4- 6 |  7- 9 || total
---------------------------+-------+-------+-------++-------
  Melee: Flail             |   117 |   273 |   177 ||   567
 Invoke: Draw Summoning    |       |       |     1 ||     1
    Use: Scroll            |     3 |     6 |     4 ||    13
         Potion            |     1 |     1 |     5 ||     7
   Stab: Invisible         |       |     1 |       ||     1
 Armour: Scale mail        |    74 |   172 |    69 ||   315
  Dodge: Dodged            |    54 |   183 |    98 ||   335
  Block: Buckler           |    35 |    98 |    55 ||   188

Table legend: (Time is in decaauts)
 A = Elapsed time spent in this place.
 B = Non-inter-level travel time spent in this place.
 C = Inter-level travel time spent in this place.
 D = Time resting spent in this place.
 E = Time spent auto-exploring this place.
 F = Levels seen in this place.
 G = Mean time per level.
                   A        B        C        D        E       F      G
               +--------+--------+--------+--------+--------+-----+--------+
         Total |   6873 |   6713 |    160 |     34 |   5174 |   8 |  859.1 |
       Dungeon |   5548 |   5448 |    100 |     34 |   4276 |   6 |  924.7 |
        Temple |    260 |    201 |     59 |      0 |    188 |   1 |  260.0 |
         Sewer |   1064 |   1064 |      0 |      0 |    710 |   1 | 1064.0 |
               +--------+--------+--------+--------+--------+-----+--------+

Top non-repeatable levels by time:
   Sewer: 1064 daAuts
     D:1: 1063 daAuts
     D:5: 1040 daAuts
     D:2: 1030 daAuts
     D:3: 966 daAuts
     D:4: 905 daAuts
     D:6: 543 daAuts
  Temple: 260 daAuts
